 Dungeon Sprint DCSS version 0.21-a0-216-g6d3fd91 (webtiles) character file.

12400000 minicreteconcrete the Conqueror (level 27, -108/249 HPs)
             Began as a Demonspawn Fighter on Aug 23, 2017.
             Was the Champion of Makhleb.
             Annihilated by The Servant
             ... wielding a +9 glaive of flaming
              (116 damage)
             ... in the Dungeon (Sprint VIII: "Arena of Blood").
             The game lasted 00:04:57 (124 turns).

minicreteconcrete the Conqueror (Demonspawn Fighter) Turns: 124, Time: 00:04:57

Health: -108/249   AC: 19    Str: 22    XL:     27
Magic:  54/54      EV: 41    Int: 10    God:    Makhleb [******]
Gold:   0          SH:  0    Dex: 30    Spells: 80/80 levels left

rFire    + + .     SeeInvis +   l - +∞ Axe of Woe
rCold    . . .     Gourm    .   (shield currently unavailable)
rNeg     . . .     Faith    .   b - +0 scale mail
rPois    .         Spirit   .   (no helmet)
rElec    .         Reflect  .   (no cloak)
rCorr    .         Harm     .   (no gloves)
MR       ++...     NoTele   +   (boots unavailable)
Stlth    +++++++++.             (no amulet)
HPRegen  0.51/turn              m - ring of see invisible
MPRegen  0.34/turn              n - ring of protection from fire

@: mighty, agile, lethally poisoned (-108 -> -118)
A: talons 3, iridescent scales 3, fire resistance 1, hurl damnation, foul stench
2, powered by pain 3, rot immunity, flame cloud immunity
a: Hurl Damnation, Minor Destruction, Lesser Servant of Makhleb, Major
Destruction, Greater Servant of Makhleb, Renounce Religion


You were in the Dungeon.
You worshipped Makhleb.
Makhleb was exalted by your worship.
You were not hungry.

You visited 1 branch

Inventory:

Hand Weapons
 a - a +0 war axe
 l - the +∞ Axe of Woe (weapon)
   (You found it in the Dungeon)
Armour
 b - a +0 scale mail (worn)
 c - a +0 shield
Jewellery
 m - a ring of see invisible (left hand)
 n - a ring of protection from fire (right hand)
Scrolls
 k - a scroll of blinking
Potions
 d - a potion of might
 e - a potion of curing
 g - a potion of heal wounds
 h - a potion of haste
 i - 2 potions of magic
 j - a potion of berserk rage
Comestibles
 f - a bread ration


   Skills:
 O Level 27 Fighting
 O Level 27 Axes
 O Level 27 Throwing
 O Level 27 Armour
 O Level 27 Dodging
 O Level 27 Stealth
 O Level 27 Shields
 O Level 27 Unarmed Combat
 O Level 27 Spellcasting
 O Level 27 Invocations


You had 80 spell levels left.
You didn't know any spells.

Dungeon Overview and Level Annotations

Branches:
Dungeon (1/1)

Altars:
Makhleb

Annotations:
D The Servant


Innate Abilities, Weirdness & Mutations

You have claws for feet.
You are completely covered in iridescent scales. (AC +6)
Your flesh is heat resistant. (rF+)
You can hurl damnation.
You frequently emit foul miasma when damaged in melee.
You are powered by pain.
You are immune to rotting.
You are immune to clouds of flame.


Message History

You feel sick.
You hear a shout! x2
The eight-headed meat hydra calls on the powers of darkness!
The eight-headed meat hydra convulses!
The bag of meat convulses! x2
The fleshlord convulses!
The bag of meat convulses! x2
The meat berserker convulses!
The eight-headed meat hydra convulses!
Your body is wracked with pain!
* * * LOW HITPOINT WARNING * * *
The bag of meat convulses!
The Servant convulses!
The bag of meat convulses!
The eight-headed meat hydra convulses!
The dread is engulfed in blazing flames.
The dread calls on the powers of darkness!
The bag of meat convulses!
The meat berserker convulses!
Your body is wracked with pain!
* * * LOW HITPOINT WARNING * * *
The fleshlord convulses!
The eight-headed meat hydra convulses!
The bag of meat convulses!
The Servant convulses!
The bag of meat convulses!
The eight-headed meat hydra convulses!
The bag of meat convulses!
The Servant hits you from afar with a +9 glaive of flaming!!!!
You die...

#....#o...
#.......o#
#.........
#....o..
#....D. .##
#.o@o# . ...
#§§).##..o .
#§@)..#...
#.o§O..# .
#O§oo.##. ...
#)W)o#o.. ...
#DoX.#.O.. ...
#.ox...o2D .##
#p).....oX
#......DG. ..o.
.
#)).......#.V.2
..


You could see a meat beast, The Servant, 4 eight-headed meat hydras, a
fleshlord, 2 large bags of meat, 2 large abominations, a dread, a meat berserker
(berserk), a small abomination and 12 bags of meat.

Vanquished Creatures
  10 hell beasts (D)
  2 greater mummies (D)
  13 vampire knights (D)
  42 ogres (D)
  6 two-headed ogres (D)
  2 liches (D)
  73 orcs (D)
  2 phantoms (D)
  5 skeletal warriors (D)
  A sea snake (D)
  3 large abominations (D)
  4 small abominations (D)
  11 crawling corpses (D)
174 creatures vanquished.

Vanquished Creatures (others)
  6 orcs (D)
  7 crawling corpses (D)
13 creatures vanquished.

Grand Total: 187 creatures vanquished

Notes
Turn   | Place    | Note
-------+----------+-------------------------------------------
     0 | D        | Found the +∞ Axe of Woe
     0 | D        | minicreteconcrete the Demonspawn Fighter began the quest for the Orb.
     0 | D        | Reached XP level 1. HP: 18/18 MP: 1/1
     2 | D        | Noticed a bag of meat
     2 | D        | Noticed a bag of meat
     4 | D        | Noticed a meat berserker
     5 | D        | Noticed a bag of meat
     9 | D        | Killed a bag of meat
     9 | D        | Reached skill level 15 in Armour
     9 | D        | Gained mutation: You are partially covered in iridescent scales. (AC +2) [demonic ancestry]
     9 | D        | Reached XP level 2. HP: 45/45 MP: 2/2
     9 | D        | Gained mutation: You are mostly covered in iridescent scales. (AC +4) [demonic ancestry]
     9 | D        | Reached XP level 3. HP: 51/51 MP: 3/3
     9 | D        | Gained mutation: You are immune to rotting. [demonic ancestry]
     9 | D        | Reached XP level 4. HP: 58/58 MP: 4/4
     9 | D        | Gained mutation: You may emit foul miasma when damaged in melee. [demonic ancestry]
     9 | D        | Reached XP level 5. HP: 64/64 MP: 5/5
     9 | D        | Gained mutation: You sometimes gain a little power by taking damage. [demonic ancestry]
     9 | D        | Reached XP level 6. HP: 71/71 MP: 6/6
     9 | D        | Reached XP level 7. HP: 78/78 MP: 7/7
     9 | D        | Gained mutation: You frequently emit foul miasma when damaged in melee. [demonic ancestry]
     9 | D        | Reached XP level 8. HP: 85/85 MP: 8/8
     9 | D        | Reached XP level 9. HP: 91/91 MP: 9/9
     9 | D        | Reached XP level 10. HP: 98/98 MP: 10/10
     9 | D        | Gained mutation: You are completely covered in iridescent scales. (AC +6) [demonic ancestry]
     9 | D        | Reached XP level 11. HP: 104/104 MP: 11/11
    10 | D        | Noticed a bag of meat
    10 | D        | Noticed a bag of meat
    10 | D        | Noticed a meat berserker
    10 | D        | Killed a meat berserker
    10 | D        | Reached skill level 10 in Dodging
    10 | D        | Gained mutation: You have sharp toenails. [demonic ancestry]
    10 | D        | Reached XP level 12. HP: 94/119 MP: 12/12
    10 | D        | Gained mutation: You sometimes gain power by taking damage. [demonic ancestry]
    10 | D        | Reached XP level 13. HP: 99/125 MP: 13/13
    10 | D        | Killed a bag of meat
    10 | D        | Gained mutation: You have razor-sharp toenails. [demonic ancestry]
    10 | D        | Reached XP level 14. HP: 107/135 MP: 14/14
    11 | D        | Became a worshipper of Makhleb the Destroyer
    12 | D        | Noticed a bag of meat
    12 | D        | Killed a meat berserker
    12 | D        | Reached skill level 15 in Stealth
    12 | D        | Reached XP level 15. HP: 115/144 MP: 15/15
    12 | D        | Reached * piety under Makhleb
    12 | D        | Reached skill level 15 in Dodging
    14 | D        | Reached skill level 15 in Axes
    15 | D        | Noticed a meat berserker
    15 | D        | Noticed a meat berserker
    16 | D        | Noticed a meat berserker
    16 | D        | Noticed a meat berserker
    19 | D        | Noticed a meat berserker
    19 | D        | Noticed a meat berserker
    20 | D        | Reached XP level 16. HP: 129/158 MP: 16/16
    20 | D        | Killed a meat berserker
    20 | D        | Reached ** piety under Makhleb
    20 | D        | Gained mutation: You are powered by pain. [demonic ancestry]
    20 | D        | Reached XP level 17. HP: 169/169 MP: 17/17
    21 | D        | Noticed a meat berserker
    21 | D        | Killed a meat berserker
    21 | D        | Killed a meat berserker
    21 | D        | Reached *** piety under Makhleb
    21 | D        | Reached skill level 27 in Fighting
    21 | D        | Gained mutation: Your flesh is heat resistant. (rF+) [demonic ancestry]
    21 | D        | Reached XP level 18. HP: 125/182 MP: 18/18
    22 | D        | Noticed a meat berserker
    22 | D        | Noticed a meat berserker
    22 | D        | Noticed a destroyer
    22 | D        | Killed a meat berserker
    22 | D        | Reached **** piety under Makhleb
    22 | D        | Reached skill level 27 in Armour
    22 | D        | Reached XP level 19. HP: 189/189 MP: 19/19
    22 | D        | Reached skill level 27 in Stealth
    22 | D        | Noticed a large bag of meat
    23 | D        | Killed a destroyer
    23 | D        | Reached skill level 27 in Axes
    23 | D        | Reached skill level 27 in Dodging
    23 | D        | Killed a meat berserker
    23 | D        | Reached ***** piety under Makhleb
    23 | D        | Reached XP level 20. HP: 197/197 MP: 19/33
    23 | D        | Reached skill level 15 in Invocations
    23 | D        | Killed a meat berserker
    23 | D        | Reached skill level 15 in Throwing
    23 | D        | Reached skill level 15 in Unarmed Combat
    23 | D        | Reached skill level 15 in Spellcasting
    23 | D        | Reached XP level 21. HP: 204/204 MP: 19/42
    24 | D        | Noticed a large bag of meat
    24 | D        | Noticed a large bag of meat
    25 | D        | Reached skill level 27 in Invocations
    25 | D        | Killed a large bag of meat
    25 | D        | Reached ****** piety under Makhleb
    25 | D        | Gained mutation: You have claws for feet. [demonic ancestry]
    25 | D        | Reached XP level 22. HP: 212/212 MP: 19/48
    27 | D        | Noticed a destroyer
    29 | D        | Noticed a large bag of meat
    29 | D        | Reached skill level 27 in Throwing
    29 | D        | Reached skill level 27 in Unarmed Combat
    29 | D        | Reached skill level 27 in Spellcasting
    29 | D        | Gained mutation: You are immune to clouds of flame. [demonic ancestry]
    29 | D        | Reached XP level 23. HP: 219/219 MP: 20/54
    29 | D        | Reached skill level 27 in Shields
    31 | D        | Killed a destroyer
    31 | D        | Gained mutation: You can hurl damnation. [demonic ancestry]
    31 | D        | Reached XP level 24. HP: 227/227 MP: 21/54
    32 | D        | Noticed a destroyer
    32 | D        | Noticed a destroyer
    36 | D        | Killed a destroyer
    36 | D        | Reached XP level 25. HP: 91/234 MP: 22/54
    38 | D        | Noticed a destroyer
    40 | D        | Killed a destroyer
    40 | D        | Reached XP level 26. HP: 242/242 MP: 47/54
    40 | D        | Killed a large bag of meat
    48 | D        | Reached XP level 27. HP: 240/249 MP: 49/54
    49 | D        | Killed a destroyer
    50 | D        | Noticed a destroyer
    52 | D        | Noticed a destroyer
    56 | D        | Killed a destroyer
    57 | D        | Noticed a destroyer
    62 | D        | Noticed a destroyer
    63 | D        | Killed a destroyer
    65 | D        | Noticed a destroyer
    69 | D        | Killed a destroyer
    70 | D        | Noticed a destroyer
    71 | D        | Noticed a dread
    71 | D        | Noticed a meat beast
    71 | D        | Noticed a meat beast
    73 | D        | Killed a meat beast
    76 | D        | Noticed a large bag of meat
    76 | D        | Noticed a destroyer
    77 | D        | Noticed a meat beast
    79 | D        | Noticed a meat beast
    79 | D        | Killed a destroyer
    80 | D        | Killed a meat beast
    81 | D        | Noticed a meat beast
    81 | D        | Killed a destroyer
    82 | D        | Noticed an accursed
    84 | D        | Noticed a tyrant
    85 | D        | Noticed a meat beast
    85 | D        | Noticed a meat beast
    87 | D        | Killed a meat beast
    87 | D        | Killed a meat beast
    88 | D        | Noticed a destroyer
    89 | D        | Noticed a large bag of meat
    89 | D        | Killed a meat beast
    89 | D        | Killed a meat beast
    90 | D        | Noticed a tyrant
    90 | D        | Noticed a meat beast
    91 | D        | Killed a tyrant
    91 | D        | Killed a destroyer
    91 | D        | Killed an accursed
    92 | D        | Noticed a meat beast
    92 | D        | Noticed a meat beast
    93 | D        | Noticed a destroyer
    93 | D        | Noticed a large bag of meat
    93 | D        | Noticed a destroyer
    93 | D        | Noticed an accursed
    96 | D        | Killed a meat beast
    97 | D        | Killed a large bag of meat
    98 | D        | Noticed a meat beast
    99 | D        | Killed a large bag of meat
    99 | D        | Killed a meat beast
   100 | D        | Noticed The Servant
   100 | D        | Killed a destroyer
   100 | D        | Killed a tyrant
   100 | D        | Killed a meat beast
   102 | D        | Killed a destroyer
   106 | D        | Killed a meat beast
   113 | D        | Killed a large bag of meat
   116 | D        | Killed an accursed
   117 | D        | Killed a large bag of meat
   121 | D        | Noticed a large bag of meat
   123 | D        | Noticed a fleshlord
   124 | D        | HP: 8/249 [??? (5)]
   124 | D        | Annihilated by The Servant

Vault maps used:
D:        meatsprint

Skill      XL: |  1  2  3  4  5  6  7  8  9 10 11 12 13 14 15 16 17 18 19 20 21 22 23 |
---------------+----------------------------------------------------------------------+-----
Fighting       | 16 19 20 21 23 25 27 | 27.0
Axes           | 8 11 12 13 16 18 20 23 27 | 27.0
Armour         | 15 18 20 22 23 25 27 | 27.0
Shields        | 14 21 27 | 27.0
Dodging        | 10 12 14 17 19 22 24 27 | 27.0
Stealth        | 11 13 15 18 20 23 26 27 | 27.0
Throwing       | 9 17 22 27 | 27.0
Unarmed Combat | 9 17 22 27 | 27.0
Spellcasting   | 9 17 22 27 | 27.0
Invocations    | 13 22 27 | 27.0

Action                   |  1- 3 |  4- 6 |  7- 9 | 10-12 | 13-15 | 16-18 | 19-21 | 22-24 | 25-27 || total
-------------------------+-------+-------+-------+-------+-------+-------+-------+-------+-------++-------
Melee: Executioner's axe |     1 |       |       |     1 |     3 |     2 |     2 |     6 |    47 ||    62
Armor: Scale mail        |       |       |       |       |       |       |     1 |     1 |    11 ||    13
Dodge: Dodged            |       |       |       |       |       |       |     1 |     2 |    26 ||    29

Table legend:
 A = Spawn XP
 B = Non-spawn XP
 C = Spawn XP percentage of total XP
 D = Spawn monster count
 E = Non-spawn monster count
 F = Spawn count percentage of total count
 G = Total turns spent on level
                    A         B        C        D         E        F      G
               +---------+---------+-------+---------+---------+-------+---------
         Total |       0 | 4938029 |   0.0 |       0 |     163 |   0.0 |   124
               +---------+---------+-------+---------+---------+-------+---------
             D |       0 | 4938029 |   0.0 |       0 |     163 |   0.0 |   124
               +---------+---------+-------+---------+---------+-------+---------
